 Dungeon Crawl Stone Soup version 0.27-a0-789-g6bb3289e1e (webtiles) character file.

Game seed: 2346559801288265521

89 rageheart7 the Skirmisher (level 4, -5/47 (50) HPs)
             Began as an Ogre Abyssal Knight on Mar 27, 2021.
             Was a Follower of Lugonu.
             Slain by a wight
             ... wielding a +0 spear
              (6 damage)
             ... on level 2 of the Dungeon.
             The game lasted 00:02:46 (2675 turns).

rageheart7 the Skirmisher (Ogre Abyssal Knight)     Turns: 2675, Time: 00:02:47

HP:   -5/47 (50)    AC:  5    Str: 14 (17) XL:     4   Next: 55%
MP:   5/5           EV:  9    Int: 12 (13) God:    Lugonu [*.....]
Gold: 44            SH:  0    Dex:  5 (8)  Spells: 3/3 levels left

rFire    . . .     SeeInvis .   a - +1 mace
rCold    . . .     Faith    .   (no shield)
rNeg     . . .     Spirit   .   b - +0 robe
rPois    +         Reflect  .   (helmet restricted)
rElec    .         Harm     .   (no cloak)
rCorr    .         Rampage  .   (gloves unavailable)
Will     .....                  (boots unavailable)
Stlth    +.........             (no amulet)
HPRegen  0.15/turn              (no ring)
MPRegen  0.09/turn              (no ring)

@: hasted, drained, very quick
A: large, unfitting armour, tough skin 1, yellow scales 1, poison resistance
a: Renounce Religion, Depart the Abyss


You were on level 2 of the Dungeon.
You worshipped Lugonu.
Lugonu was aware of your devotion.
You visited 1 branch of the dungeon, and saw 2 of its levels.
You visited the Abyss 1 time.

You collected 44 gold pieces.

Inventory:

Hand Weapons
 a - a +1 mace (weapon)
Armour
 b - a +0 robe (worn)
Scrolls
 f - a scroll of teleportation {unknown}


   Skills:
 * Level 5.6 Fighting
 * Level 3.2 Maces & Flails
 - Level 2.1 Dodging
 - Level 2.0 Invocations


You had 3 spell levels left.
You didn't know any spells.
Your spell library contained the following spells:

 Spells                   Type           Power      Damage    Failure   Level
 Confusing Touch          Hex            0%         N/A       69%         3
 Gell's Gravitas          Tloc           0%         N/A       69%         3
 Petrify                  Tmut/Erth      0%         N/A       97%         4
 Metabolic Englaciation   Hex/Ice        0%         N/A       100%        5
 Yara's Violent Unravell  Hex/Tmut       0%         3d3       100%        5


Dungeon Overview and Level Annotations

Branches:
Dungeon (2/15)

Altars:


Innate Abilities, Weirdness & Mutations

You are too large for most types of armour.
You have tough skin. (AC +1)
You are partially covered in yellow scales. (AC +2)
Your system is resistant to poisons. (rPois)


Message History

The wight hits you from afar with a +0 spear.
You feel drained.
You completely miss the wight.
The wight is heavily damaged.
The wight closely misses you.
The wight hits you from afar with a +0 spear.
You hit the wight.
The wight is severely damaged.
The wight closely misses you.
The wight hits you from afar with a +0 spear.
You hit the wight but do no damage.
The wight is severely damaged.
The wight barely misses you. The wight closely misses you.
You hit the wight.
You destroy the wight!
Lugonu accepts your kill.
Your life force feels restored.
Your Maces & Flails skill increases to level 3!
You have reached level 4!
It was a potion of degeneration.
There was something very wrong with that liquid.
You feel weakened.
You feel dopey.
You feel clumsy.
The wight hits you from afar with a +0 spear!
You completely miss the wight.
The wight hits you with a +3 long sword.
You feel drained.
The wight hits you from afar with a +0 spear!
* * * LOW HITPOINT WARNING * * *
You closely miss the wight. The wight closely misses you.
The wight hits you from afar with a +0 spear.
* * * LOW HITPOINT WARNING * * *
You feel drained.
* * * LOW HITPOINT WARNING * * *
You closely miss the wight.
The wight hits you with a +3 long sword!
* * * LOW HITPOINT WARNING * * *
You feel drained.
* * * LOW HITPOINT WARNING * * *
The wight hits you from afar with a +0 spear.
You die...

..#.).........#.# #.#
..#...........#.# #.#
..#...........#.# #÷#
..#...........#.# #.# ###
###############.####.##....
#.#...........
#.............
##..÷....#...# #@###.###
..# ######z###... ..
#######...†zz.##.### #
.........###..##.#
.......†.# #..##.#
.........###.....#
.........#.#...#.#
#######.##.#...# #
#.##.#...#.#


You could see 3 wights.

Vanquished Creatures
  A wight (D:2)
  An adder (D:2)
  A worm (D:2)
  A dart slug (D:2)
  7 endoplasms
  2 giant cockroaches (D:2)
  3 goblins
  3 hobgoblins
  A quokka (D:2)
  4 ball pythons (D:1)
  2 bats
  2 frilled lizards
  A kobold (D:2)
  3 rats
32 creatures vanquished.

Notes
Turn   | Place    | Note
-------+----------+-------------------------------------------
     0 | Abyss:1  | rageheart7 the Ogre Abyssal Knight began the quest for the
                  | Orb.
     0 | Abyss:1  | Reached XP level 1. HP: 24/24 MP: 2/2
     0 | Abyss:1  | Found a corrupted altar of Lugonu.
   108 | Abyss:1  | Noticed a thrashing horror
   109 | D:1      | Escaped the Abyss
   265 | D:1      | Reached * piety under Lugonu
   484 | D:1      | Reached XP level 2. HP: 4/33 MP: 3/3
  1813 | D:2      | Reached XP level 3. HP: 41/41 MP: 4/4
  2189 | D:2      | Reached skill level 5 in Fighting
  2662 | D:2      | Gained mutation: You are frail. (-10% HP) [potion of
                  | mutation]
  2662 | D:2      | Gained mutation: You are partially covered in yellow
                  | scales. (AC +2) [potion of mutation]
  2662 | D:2      | Lost mutation: You are frail. (-10% HP) [potion of
                  | mutation]
  2662 | D:2      | Gained mutation: Your system is resistant to poisons.
                  | (rPois) [potion of mutation]
  2672 | D:2      | Reached XP level 4. HP: 33/50 MP: 5/5
  2675 | D:2      | HP: 1/47 [wight/+3 long sword (3)]
  2675 | D:2      | Slain by a wight

Illustrated notes

Levels and vault maps discovered:
D:1:      heliophobic_arrival_glass_houses, layout_loops_ring,
          minmay_tetromino_s2
D:2:      layout_basic

Skill      XL: |  1  2  3 |
---------------+----------+-----
Maces & Flails | 2 3 |  3.2
Fighting       | 5 |  5.6
Dodging        | |  2.1
Invocations    | |  2.0

Action                   |  1- 3 |  4- 6 || total
-------------------------+-------+-------++-------
Melee: Mace              |   116 |     3 ||   119
Invok: Depart the Abyss  |     1 |       ||     1
  Use: Potion            |     4 |     1 ||     5
Armor: Robe              |    34 |       ||    34
Dodge: Dodged            |    42 |     1 ||    43

Table legend: (Time is in decaauts)
 A = Elapsed time spent in this place.
 B = Non-inter-level travel time spent in this place.
 C = Inter-level travel time spent in this place.
 D = Time resting spent in this place.
 E = Time spent auto-exploring this place.
 F = Levels seen in this place.
 G = Mean time per level.
                   A        B        C        D        E       F      G
               +--------+--------+--------+--------+--------+-----+--------+
         Total |   2703 |   2678 |     25 |      0 |   2415 |   3 |  901.0 |
       Dungeon |   2594 |   2569 |     25 |      0 |   2307 |   2 | 1297.0 |
         Abyss |    109 |    109 |      0 |      0 |    108 |   1 |  109.0 |
               +--------+--------+--------+--------+--------+-----+--------+

Top non-repeatable levels by time:
     D:1: 1339 daAuts
     D:2: 1254 daAuts
 Abyss:1: 109 daAuts
